 Dungeon Crawl Stone Soup version 0.29.1-1-gd02db6906a (webtiles) character file.

Game seed: 17191268814916833391

39 QueenGhuleh the Trooper (level 3, 0/34 HPs)
             Began as a Naga Berserker on Sept 26, 2022.
             Was a Follower of Trog.
             Slain by a rat (3 damage)
             ... on level 1 of the Dungeon.
             The game lasted 00:01:37 (1222 turns).

QueenGhuleh the Trooper (Naga Berserker)            Turns: 1222, Time: 00:01:38

Health: 0/34       AC:  8    Str: 21    XL:     3   Next: 45%
Magic:  3/3        EV:  4    Int:  7    God:    Trog [*.....]
Gold:   27         SH:  0    Dex: 10    Spells: 2/2 levels left

rFire   . . .      SeeInvis +   a - +0 hand axe
rCold   . . .      Faith    .   (no shield)
rNeg    . . .      Spirit   .   d - +0 plate armour
rPois   +          Reflect  .   c - +1 helmet
rElec   .          Harm     .   (no cloak)
rCorr   .          Rampage  .   (no gloves)
Will    .....                   (no barding)
Stlth   ..........              (no amulet)
HPRegen 0.11/turn               (no ring)
MPRegen 0.08/turn               (no ring)

@: on berserk cooldown, slowed, very slow
A: AC +1, large, see invisible, deformed body, poison resistance, slowness 2,
spit poison 1, naga tail 1
a: Spit Poison, Renounce Religion, Berserk


You were on level 1 of the Dungeon.
You worshipped Trog.
Trog was aware of your devotion.
You visited 1 branch of the dungeon, and saw 1 of its levels.

You collected 27 gold pieces.

Inventory:

Hand Weapons
 a - a +0 hand axe (weapon)
Armour
 c - a +1 helmet (worn)
 d - a +0 plate armour (worn)


   Skills:
 + Level 3.5 Fighting
 + Level 3.4 Axes
 + Level 1.7 Armour
 + Level 2.1 Dodging


You had 2 spell levels left.
You didn't know any spells.
Your spell library was empty.

Dungeon Overview and Level Annotations

Branches:
Dungeon (1/15)

Altars:


Innate Abilities, Weirdness & Mutations

Your serpentine skin is tough. (AC +1)
You have supernaturally acute eyesight. (SInv)
Armour fits poorly on your strangely shaped body.
Your system is resistant to poisons. (rPois)
You cover ground very slowly.
You can spit poison.
You have a snake-like lower body.


Message History

You barely miss the rat.
The rat is severely wounded.
You hit the endoplasm. You hit the jackal.
The jackal bites you but does no damage.
The endoplasm freezes you.
You are frozen.
* * * LOW HITPOINT WARNING * * *
The rat bites you but does no damage.
The jackal bites you but does no damage.
You hit the rat.
You kill the rat!
Trog accepts your kill.
You barely miss the jackal. You barely miss the endoplasm.
The jackal bites you.
* * * LOW HITPOINT WARNING * * *
The endoplasm hits you but does no damage.
The jackal barely misses you. The endoplasm hits you.
* * * LOW HITPOINT WARNING * * *
The endoplasm freezes you.
You are frozen.
* * * LOW HITPOINT WARNING * * *
The jackal bites you but does no damage.
You hit the endoplasm.
You kill the endoplasm!
Trog accepts your kill.
You closely miss the jackal. You hit the endoplasm.
The jackal barely misses you. The endoplasm freezes you.
You are frozen.
* * * LOW HITPOINT WARNING * * *
The jackal bites you but does no damage.
The endoplasm hits you but does no damage.
The rat bites you but does no damage.
You hit the rat but do no damage. You hit the endoplasm.
You kill the endoplasm!
Trog accepts your kill.
You hit the jackal.
The jackal bites you but does no damage.
The rat bites you.
You die...

#..#####.######..##.# #.##
#...#######.##.#
#.####.#..........#.#
#...................#
#..###############..# ###
##.#.............#..# ..#
#.#..$..........#..# ..#
#.#.....hr......#..# ..#
###.#######@#######..# ..#
#...#.............#..# ..#
##.#.'⌠....###....⌠'..# ..#
#....#......<......#..# ..#
#.##.#..⌠...>...⌠..#..# ..#
#.##.###'#######'###..# ###
#.##..................#
.####.##########.########.#
......#### #.# #.####


You could see a jackal and a rat.

Vanquished Creatures
  3 ball pythons (D:1)
  A bat (D:1)
  8 endoplasms (D:1)
  3 giant cockroaches (D:1)
  2 hobgoblins (D:1)
  5 jackals (D:1)
  2 quokkas (D:1)
  A frilled lizard (D:1)
  2 kobolds (D:1)
  7 rats (D:1)
34 creatures vanquished.

Notes
Turn   | Place    | Note
-------+----------+-------------------------------------------
     0 | D:1      | QueenGhuleh the Naga Berserker began the quest for the Orb.
     0 | D:1      | Reached XP level 1. HP: 21/21 MP: 1/1
     1 | D:1      | Found a runed translucent door.
   471 | D:1      | Reached XP level 2. HP: 28/28 MP: 2/2
   474 | D:1      | Found a faded altar of an unknown god.
  1202 | D:1      | Reached XP level 3. HP: 34/34 MP: 3/3
  1222 | D:1      | Slain by a rat

Illustrated notes

Levels and vault maps discovered:
D:1:      dpeg_arrival_caged_fury, layout_basic,
          dreamdust_ecumenical_altar_angels_and_demons

Skill      XL: |  1  2  3 |
---------------+----------+-----
Dodging        | 2 |  2.1
Fighting       | |  3.5
Axes           | |  3.4
Armour         | |  1.7

Action                   || total
-------------------------++-------
Melee: Hand axe          ||    85
       Punch             ||     1
Invok: Berserk           ||     2
Armor: Animal skin       ||    16
       Plate armour      ||    27
       Skin              ||     6
Dodge: Dodged            ||    32
